 Dungeon Sprint DCSS version 0.21-a0-104-g7b58145 (webtiles) character file.

253 Kidiri the Covert (level 5, -4/27 HPs)
             Began as a Spriggan Enchanter on July 6, 2017.
             Killed from afar by a white imp (5 damage)
             ... with a puff of frost
             ... summoned by a neqoxec
             ... in the Dungeon (Sprint II: "The Violet Keep of Menkaure").
             The game lasted 00:00:33 (46 turns).

Kidiri the Covert (Spriggan Enchanter)                Turns: 46, Time: 00:00:34

Health: -4/27      AC:  4    Str:  4      XL:     5   Next: 90%
Magic:  8/15       EV: 24    Int: 13 (16) God:
Gold:   0          SH:  0    Dex: 18      Spells: 16/17 levels left

rFire    . . .     SeeInvis +   a - +1 dagger
rCold    . . .     Gourm    .   (shield restricted)
rNeg     . . .     Faith    .   b - +0 robe
rPois    .         Spirit   .   (helmet restricted)
rElec    .         Reflect  .   (no cloak)
rCorr    .         Harm     .   (gloves unavailable)
MR       .....     NoTele   +   (boots unavailable)
Stlth    ++++......             (no amulet)
HPRegen  0.09/turn              (no ring)
MPRegen  0.14/turn              (no ring)

@: berserk cooldown, slowed, quick
A: unfitting armour, slimy green scales 1, see invisible, herbivore 3, speed 3,
slow metabolism 2, subdued magic 1
a: no special abilities


You were in the Dungeon.
You were not hungry.

You visited 1 branch

Inventory:

Hand Weapons
 a - a +1 dagger (weapon)
Armour
 b - a +0 robe (worn)
Scrolls
 j - a scroll of blinking
Potions
 e - a potion of curing
 g - a potion of haste
 h - 2 potions of magic
Books
 c - a book of Maledictions

   Spells                             Type                      Level
   a - Corona                         Hexes                        1
   b - Ensorcelled Hibernation        Hexes/Ice                    2
   c - Confuse                        Hexes                        3
   d - Tukima's Dance                 Hexes                        3
   e - Dazzling Spray                 Conjuration/Hexes            3
Comestibles
 d - a bread ration


   Skills:
 + Level 2.7 Fighting
 * Level 5.6 Short Blades
 + Level 2.5 Armour
 * Level 8.0 Dodging
 * Level 9.3 Stealth
 * Level 6.7 Spellcasting
 + Level 5.7 Hexes


You had 16 spell levels left.
You knew the following spells:

 Your Spells              Type           Power        Failure   Level  Hunger
a - Corona                Hex            ##.....      1%          1    None


Dungeon Overview and Level Annotations

Branches:
Dungeon (1/1)

Altars:


Innate Abilities, Weirdness & Mutations

You are very small and have problems with some larger weapons.
You are too small for most types of armour.
You have supernaturally acute eyesight. (SInv)
You are a herbivore.
You cover ground extremely quickly.
You need consume almost no food.
You are partially covered in slimy green scales. (AC +2)
Your spells are a little easier to cast, but a little less powerful.


Message History

The puff of frost misses you. The neqoxec hits you.
You miss the neqoxec.
The neqoxec is lightly wounded.
The white imp shouts, "Get thee gone, thou pecksniffian crook-pated dewberry!"
The white imp misses you. The neqoxec gestures at you.
Something tries to feed on your intellect!
You hit the neqoxec.
The neqoxec is lightly wounded.
The white imp misses you. The neqoxec hits you!
* * * LOW HITPOINT WARNING * * *
You hit the neqoxec but do no damage.
The neqoxec is lightly wounded.
The white imp gestures at you. The puff of frost misses you.
The neqoxec misses you.
You hit the neqoxec but do no damage.
The neqoxec is lightly wounded.
The white imp gestures at you. The puff of frost hits you!
You die...

# # #. #+#
n##
#55##.##.n.#
#33@<.+#
#5##5##.n.#
#5 #+# n## #


H#H # .# #. ## ## You could see 2 neqoxecs, 3 iron imps, a quasit and a white
imp.

Vanquished Creatures
  2 neqoxecs (D)
2 creatures vanquished.

Vanquished Creatures (others)
  A crocodile (D)
1 creature vanquished.

Grand Total: 3 creatures vanquished

Notes
Turn   | Place    | Note
-------+----------+-------------------------------------------
     0 | D        | Kidiri the Spriggan Enchanter began the quest for the Orb.
     0 | D        | Reached XP level 1. HP: 9/9 MP: 5/5
     1 | D        | Noticed a necrophage
     1 | D        | Noticed a necrophage
     1 | D        | Noticed a necrophage
     1 | D        | Noticed a necrophage
     4 | D        | Noticed a hippogriff
     4 | D        | Noticed a hippogriff
     7 | D        | Noticed a neqoxec
     7 | D        | Noticed a neqoxec
     7 | D        | Noticed a neqoxec
     7 | D        | Noticed a neqoxec
     7 | D        | Gained mutation: You are partially covered in slimy green scales. (AC +2) [a neqoxec]
    14 | D        | Noticed an iron imp
    14 | D        | Noticed a crimson imp
    15 | D        | Noticed an iron imp
    15 | D        | Noticed a crimson imp
    16 | D        | Killed a neqoxec
    16 | D        | Reached skill level 1 in Armour
    16 | D        | Reached skill level 7 in Stealth
    16 | D        | Reached skill level 5 in Spellcasting
    16 | D        | Reached skill level 5 in Hexes
    16 | D        | Reached XP level 2. HP: 14/15 MP: 5/9
    16 | D        | Reached XP level 3. HP: 17/18 MP: 6/11
    16 | D        | Reached XP level 4. HP: 21/23 MP: 6/12
    24 | D        | Gained mutation: Your spells are a little easier to cast, but a little less powerful. [a neqoxec]
    24 | D        | Killed a crocodile
    28 | D        | Killed a neqoxec
    28 | D        | Reached skill level 5 in Short Blades
    28 | D        | Reached skill level 9 in Stealth
    28 | D        | Reached XP level 5. HP: 16/27 MP: 6/15
    44 | D        | HP: 1/27 [neqoxec (8)]
    46 | D        | Killed from afar by a white imp

Vault maps used:
D:        the_violet_keep_of_menkaure

Skill      XL: |  1  2  3  4 |
---------------+-------------+-----
Fighting       | 2 |  2.7
Short Blades   | 4 5 |  5.6
Armour         | 1 2 |  2.5
Dodging        | 6 8 |  8.0
Stealth        | 7 9 |  9.3
Spellcasting   | 5 6 |  6.7
Hexes          | 5 |  5.7

Action                   |  1- 3 |  4- 6 || total
-------------------------+-------+-------++-------
Melee: Dagger            |     8 |    26 ||    34
 Cast: Corona            |       |     1 ||     1
  Use: Potion            |     1 |     1 ||     2
Armor: Robe              |       |     1 ||     1
Dodge: Dodged            |     2 |    23 ||    25
